 Dungeon Crawl Stone Soup version 0.29.1-15-g9cfb28693d (webtiles) character file.

Game seed: 3249506287541088495

781 EarthwalkerPL the Covered (level 7, -7/64 HPs)
             Began as a Minotaur Fighter on Mar 5, 2023.
             Was a Follower of Okawaru.
             Mangled by Joseph
             ... wielding a +0 quarterstaff
              (9 damage)
             ... on level 7 of the Dungeon.
             The game lasted 00:06:46 (6441 turns).

EarthwalkerPL the Covered (Minotaur Fighter)        Turns: 6441, Time: 00:06:46

Health: -7/64      AC: 14    Str: 22    XL:     7   Next: 55%
Magic:  6/6        EV:  9    Int:  5    God:    Okawaru [*.....]
Gold:   428        SH:  5    Dex: 10    Spells: 6/6 levels left

rFire   . . .      SeeInvis .   a - +0 war axe
rCold   . . .      Faith    .   c - +0 buckler
rNeg    . . .      Spirit   .   b - +0 scale mail
rPois   .          Reflect  .   (helmet restricted)
rElec   .          Harm     .   A - +1 cloak
rCorr   .          Rampage  .   (no gloves)
Will    .....                   (no boots)
Stlth   ..........              (no amulet)
HPRegen 0.20/turn               D - +4 ring of protection
MPRegen 0.10/turn               (no ring)

@: no status effects
A: horns 2, retaliatory headbutt
a: Renounce Religion, Heroism


You were on level 7 of the Dungeon.
You worshipped Okawaru.
Okawaru was aware of your devotion.
You visited 2 branches of the dungeon, and saw 8 of its levels.

You collected 428 gold pieces.

Inventory:

Hand Weapons
 a - a +0 war axe (weapon)
Missiles
 k - 5 javelins (quivered)
 r - 6 boomerangs
 x - 7 curare-tipped darts
 z - 2 poisoned darts
Armour
 b - a +0 scale mail (worn)
 c - a +0 buckler (worn)
 A - a +1 cloak (worn)
Jewellery
 D - a +4 ring of protection (left hand)
Scrolls
 e - a scroll of identify {unknown}
 f - 2 scrolls of enchant weapon {unknown}
 m - a scroll of silence {unknown}
 o - a scroll of torment {unknown}
 q - 2 scrolls of vulnerability {unknown}
 s - 4 scrolls of fear {unknown}
 t - a scroll of magic mapping {unknown}
 v - 2 scrolls of blinking {unknown}
 w - 2 scrolls of immolation {unknown}
 y - a scroll of teleportation {unknown}
 B - a scroll of fog {unknown}
 C - a scroll of noise {unknown}
 F - a scroll of poison {unknown}
Potions
 d - 2 potions of might
 g - a potion of brilliance {unknown}
 h - a potion of curing {unknown}
 i - 2 potions of degeneration {unknown}
 j - a potion of magic {unknown}
 l - 2 potions of heal wounds {unknown}
 n - a potion of cancellation {unknown}
 p - a potion of lignification {unknown}
 u - a potion of berserk rage
 E - a potion of haste {unknown}


   Skills:
 * Level 6.5 Fighting
 * Level 5.7 Axes
 * Level 6.5 Armour
 + Level 5.2 Shields


You had 6 spell levels left.
You didn't know any spells.
Your spell library contained the following spells:

 Spells                   Type           Power      Damage    Failure   Level
 Fulminant Prism          Conj/Hex       0%         3d6       100%        4
 Hailstorm                Conj/Ice       0%         3d3       100%        4
 Ice Form                 Ice/Tmut       0%         N/A       100%        4
 Iskenderun's Mystic Bla  Conj/Tloc      0%         2d3       100%        4
 Borgnjor's Vile Clutch   Necr/Erth      0%         N/A       100%        5
 Lee's Rapid Deconstruct  Erth           0%         3d5*      100%        5
 Orb of Destruction       Conj           0%         9d5       100%        7
 Summon Guardian Golem    Hex/Summ       Unusable   N/A       N/A         3
 Animate Dead             Necr           Unusable   N/A       N/A         4
 Death Channel            Necr           Unusable   N/A       N/A         6
 Simulacrum               Ice/Necr       Unusable   N/A       N/A         6
 Spellforged Servitor     Conj/Summ      Unusable   N/A       N/A         7

Dungeon Overview and Level Annotations

Branches:
Dungeon (7/15)             Temple (1/1) D:4

Altars:
Ashenzari
Cheibriados
Dithmenos
Elyvilon
Fedhas
Kikubaaqudgha
Makhleb
Nemelex Xobeh
Okawaru
Qazlal
Sif Muna
Trog
Uskayaw
Vehumet
Xom
Yredelemnul
The Shining One

Shops:
D:1 [(

Annotations:
D:5 Duvessa, Menkaure
D:7 Joseph


Innate Abilities, Weirdness & Mutations

You have a pair of horns on your head.
You reflexively headbutt those who attack you in melee.


Message History

Joseph shouts!
Joseph zaps a wand.
The puff of flame hits you but does no damage.
Joseph unwields a +0 quarterstaff.
Joseph wields a +1 sling of flaming.
It bursts into flame!
Joseph shoots a sling bullet.
The sling bullet hits you but does no damage.
Joseph unwields a +1 sling of flaming.
It stops flaming.
Joseph wields a +0 quarterstaff.
Joseph drinks a potion.
Joseph goes berserk!
You barely miss Joseph. You headbutt Joseph, but do no damage.
You closely miss the ice beast. Joseph hits you with a +0 quarterstaff!
The ice beast hits you but does no damage.
Unknown command.
You slash Joseph!
Joseph is lightly wounded.
You hit the ice beast. Joseph hits you with a +0 quarterstaff!
The ice beast hits you but does no damage.
Joseph hits you with a +0 quarterstaff!
You closely miss Joseph. You headbutt Joseph!
Joseph is moderately wounded.
You slash the ice beast! Joseph hits you with a +0 quarterstaff!
* * * LOW HITPOINT WARNING * * *
The ice beast barely misses you. Joseph hits you with a +0 quarterstaff!
* * * LOW HITPOINT WARNING * * *
The ice beast hits you but does no damage.
You hit Joseph but do no damage. Your headbutt misses Joseph.
Joseph is moderately wounded.
You hit the ice beast. You block Joseph's attack.
Joseph hits you with a +0 quarterstaff.
* * * LOW HITPOINT WARNING * * *
The ice beast hits you but does no damage.
You hit Joseph but do no damage.
Joseph is moderately wounded.
You closely miss the ice beast. Joseph hits you but does no damage.
The ice beast hits you but does no damage.
You block Joseph's attack.
Unknown command.
You closely miss Joseph.
Joseph is moderately wounded.
You hit the ice beast. Joseph hits you with a +0 quarterstaff!
You die...

#...#........'...........##.##..
#.#######.####...........##...##
##.......#........#'#.....####.#
.....###.##########.#.....# #.#
.....'..............####### #.#
.....###.#########......# #.#
.....# #.# #.####.# #.#
.....###.#########.# #.#
.....+...##.....@.># #.#
.....######..$.@Y.......# ######
#.........##### #........$#
#.........# ###+###....
#.#######. # #.....# .#.#
#.###+#.#


You could see Joseph (berserk) and an ice beast.

Vanquished Creatures
  A water moccasin (D:7)
  An ice beast (D:6)
  A centaur (D:7)
  A kobold brigand (D:4)
  A scorpion (D:6)
  A bullfrog (D:6)
  A jelly (D:6)
  2 hounds
  An iguana (D:5)
  3 gnolls (D:3)
  7 adders
  A shadow imp (D:6)
  2 ufetubi (D:6)
  2 worms
  A dart slug (D:3)
  5 orcs
  5 endoplasms
  2 giant cockroaches
  4 goblins
  7 hobgoblins
  A jackal (D:1)
  3 quokkas (D:3)
  5 ball pythons
  5 bats
  5 frilled lizards (D:3)
  6 kobolds
  8 rats
82 creatures vanquished.

Notes
Turn   | Place    | Note
-------+----------+-------------------------------------------
     0 | D:1      | EarthwalkerPL the Minotaur Fighter began the quest for the
                  | Orb.
     0 | D:1      | Reached XP level 1. HP: 19/19 MP: 0/0
   132 | D:1      | Found a faded altar of an unknown god.
   290 | D:1      | You fall into a shaft and drop 1 floor!
   339 | D:2      | Found a blossoming altar of Fedhas.
   523 | D:2      | Reached XP level 2. HP: 24/27 MP: 1/1
   743 | D:2      | Reached XP level 3. HP: 33/33 MP: 2/2
  1571 | D:1      | Found Xionudea's Armour Emporium.
  1578 | D:1      | Found Ritowem's Weapon Shoppe.
  2142 | D:3      | Reached XP level 4. HP: 21/41 MP: 3/3
  3121 | D:4      | Found a staircase to the Ecumenical Temple.
  3130 | Temple   | Entered the Ecumenical Temple
  3269 | Temple   | Became a worshipper of Warmaster Okawaru
  3523 | D:4      | Identified the +0 dagger of Forgiveness {elec, rF+}
  3610 | D:4      | Noticed a kobold brigand
  3617 | D:4      | Killed a kobold brigand
  3618 | D:4      | Reached skill level 5 in Fighting
  3618 | D:4      | Reached skill level 5 in Armour
  3618 | D:4      | Reached XP level 5. HP: 10/48 MP: 4/4
  4176 | D:5      | Entered Level 5 of the Dungeon
  4624 | D:5      | Found a white marble altar of Elyvilon.
  4625 | D:5      | Noticed Menkaure
  4626 | D:5      | Noticed Duvessa
  4990 | D:6      | Reached XP level 6. HP: 38/55 MP: 5/5
  5137 | D:6      | Found a shadowy altar of Dithmenos.
  5142 | D:6      | Found a burning altar of Makhleb.
  5143 | D:6      | Found a stormy altar of Qazlal.
  5143 | D:6      | Found a sparkling altar of Nemelex Xobeh.
  5144 | D:6      | Found a snail-covered altar of Cheibriados.
  5145 | D:6      | Found an ancient bone altar of Kikubaaqudgha.
  5146 | D:6      | Found a shimmering altar of Xom.
  5211 | D:6      | Reached * piety under Okawaru
  5248 | D:6      | Noticed an ice beast
  5258 | D:6      | Killed an ice beast
  5259 | D:6      | Reached skill level 5 in Axes
  5259 | D:6      | Reached XP level 7. HP: 47/63 MP: 6/6
  5364 | D:6      | Found a basalt altar of Yredelemnul.
  6167 | D:7      | Reached skill level 5 in Shields
  6433 | D:7      | Noticed Joseph
  6438 | D:7      | HP: 2/64 [Joseph/+0 quarterstaff (12)]
  6441 | D:7      | Mangled by Joseph

Illustrated notes

Levels and vault maps discovered:
D:1:      erik_arrival_cave_to_civilisation [erik_arrival_cave_to_hall],
          layout_basic, ebering_ecumenical_altar_sacrificial, serial_shops,
          nicolae_shop_bloodbath_and_beyond, shop_fountains
D:2:      layout_loops_corners, basic_altar, chequers_mini_garden,
          kennysheep_generic_room_6
D:3:      layout_basic
D:4:      layout_loops_ring, minmay_temple_entry_arrows
D:5:      layout_loops_ring, elyvilon_altar_5, minivault_26,
          nicolae_shop_self_help, uniq_duvessa, uniq_menkaure
D:6:      layout_rooms, nicolae_overflow_hidden_temple,
          grunt_temple_overflow_open
D:7:      layout_basic, uniq_joseph
Temple:   hellmonk_temple_beads

Skill      XL: |  1  2  3  4  5  6  7 |
---------------+----------------------+-----
Fighting       | 4 5 6 |  6.5
Axes           | 3 4 5 |  5.7
Armour         | 4 5 6 |  6.5
Shields        | 4 5 |  5.2

Action                   |  1- 3 |  4- 6 |  7- 9 || total
-------------------------+-------+-------+-------++-------
Melee: War axe           |    79 |   102 |    34 ||   215
       Headbutt          |    12 |    19 |     5 ||    36
Armor: Scale mail        |    39 |    51 |    25 ||   115
Dodge: Dodged            |    35 |    48 |    18 ||   101
Block: Buckler           |    20 |    19 |    11 ||    50
